 Dungeon Crawl Stone Soup version 0.26.1-11-gd32895ea62 (webtiles) character file.

Game seed: 15773772677245307980

4708 KamiKatze the Thaumaturge (level 10, 0/53 HPs)
             Began as a Deep Elf Conjurer on July 11, 2021.
             Was a Priest of Vehumet.
             Hit by a boomerang thrown by an orc warrior (15 damage)
             ... on level 8 of the Dungeon.
             The game lasted 00:37:43 (8519 turns).

KamiKatze the Thaumaturge (Deep Elf Conjurer)       Turns: 8519, Time: 00:37:43

Health: 0/53       AC: 11    Str: 10    XL:     10   Next: 22%
Magic:  9/26       EV: 15    Int: 27    God:    Vehumet [***...]
Gold:   402        SH:  0    Dex: 13    Spells: 16/29 levels left

rFire    . . .     SeeInvis .   a - +2 dagger (holy)
rCold    . . .     Faith    .   (no shield)
rNeg     . . .     Spirit   .   O - +2 steam dragon scales
rPois    .         Reflect  .   q - +0 helmet
rElec    .         Harm     .   g - +1 cloak
rCorr    .         Rampage  .   h - +0 pair of gloves
Will     +....                  (no boots)
Stlth    +++.......             (no amulet)
HPRegen  0.17/turn              B - +6 ring of strength
MPRegen  0.20/turn              (no ring)

@: no status effects
A: no striking features
a: Renounce Religion


You were on level 8 of the Dungeon.
You worshipped Vehumet.
Vehumet was most pleased with you.
You visited 2 branches of the dungeon, and saw 9 of its levels.

You collected 402 gold pieces.

Inventory:

Hand Weapons
 a - a +2 dagger of holy wrath (weapon)
 C - a +2 dagger of electrocution
Missiles
 o - 2 throwing nets
 y - 10 poisoned darts (quivered)
Armour
 g - a +1 cloak (worn)
 h - a +0 pair of gloves (worn)
 q - a +0 helmet (worn)
 M - a +0 buckler
 O - +2 steam dragon scales (worn)
Jewellery
 B - a +6 ring of strength (left hand)
 N - an uncursed ring of magical power
Wands
 u - a wand of random effects (24)
 x - a wand of enslavement (9)
 E - a wand of paralysis (10)
 G - a wand of iceblast (9)
 H - a wand of digging (7)
Scrolls
 d - 2 scrolls of magic mapping {unknown}
 j - a scroll of enchant armour
 k - a scroll of identify
 s - 2 scrolls of fog {unknown}
 t - 2 scrolls of fear {unknown}
 v - 3 scrolls of teleportation {unknown}
 z - 4 scrolls of remove curse
 A - a scroll of amnesia {unknown}
 F - a scroll of immolation {unknown}
 J - a scroll of brand weapon {unknown}
 K - a scroll of enchant weapon {unknown}
 L - a scroll of blinking {unknown}
Potions
 b - 3 potions of haste
 c - 3 potions of heal wounds
 e - a potion of magic
 f - a potion of resistance {unknown}
 i - 3 potions of lignification
 l - a potion of attraction {unknown}
 m - 4 potions of curing
 n - a potion of berserk rage {unknown}
 r - 2 potions of invisibility
 w - a potion of might {unknown}
 I - a potion of mutation {unknown}


   Skills:
 + Level 1.9 Fighting
 + Level 5.6 Dodging
 - Level 6.0 Stealth
 - Level 4.0 Shields
 * Level 10.0 Spellcasting
 * Level 9.1 Conjurations
 + Level 6.4 Hexes
 + Level 5.3 Translocations


You had 16 spell levels left.
You knew the following spells:

 Your Spells              Type           Power        Failure   Level
a - Magic Dart            Conj           100%         1%          1
b - Searing Ray           Conj           100%         1%          2
c - Fulminant Prism       Conj/Hex       26%          1%          4
d - Iskenderun's Mystic   Conj/Tloc      51%          1%          4
k - Blink                 Tloc           N/A          1%          2

Your spell library contained the following spells:

 Spells                   Type           Power        Failure   Level
 Frozen Ramparts          Ice            26%          3%          3
 Slow                     Hex            48%          1%          2
 Conjure Flame            Conj/Fire      38%          1%          3
 Dazzling Flash           Conj/Hex       100%         1%          3
 Mephitic Cloud           Conj/Pois/Air  29%          1%          3
 Beastly Appendage        Tmut           26%          4%          1
 Call Imp                 Summ           13%          6%          2
 Wereblood                Tmut           13%          6%          2
 Spider Form              Tmut/Pois      6%           13%         3
 Ice Form                 Ice/Tmut       13%          38%         4
 Blade Hands              Tmut           6%           75%         5


Dungeon Overview and Level Annotations

Branches:
Dungeon (8/15)             Temple (1/1) D:4
   Lair: D:8-11

Altars:
Cheibriados
Dithmenos
Elyvilon
Fedhas
Gozag
Hepliaklqana
Kikubaaqudgha
Makhleb
Nemelex Xobeh
Okawaru
Qazlal
Ru
Sif Muna
Trog
Uskayaw
Vehumet
Xom
Yredelemnul
Zin
The Shining One

Annotations:
D:8 exclusions: 2 skeletons and slime creature, Grum, Joseph, Maurice


Message History

You kill the orc wizard!
Vehumet accepts your kill.
You feel your power returning.
The blast of energy engulfs the centaur!
The centaur is severely wounded.
You hear a shout!
Unknown command.
Casting: Iskenderun's Mystic Blast (dangerous; 1% risk of failure)
Confirm with . or Enter, or press ? or * to list all spells.
Aiming: Fulminant Prism (dangerous; 1% risk of failure)
Press: ? - help, Dir - move target You conjure a prism of explosive energy!
A fulminant prism comes into view.
The centaur shoots an arrow.
The arrow hits you!
The orc warrior throws a boomerang.
The boomerang hits you!
* * * LOW HITPOINT WARNING * * *
The weapon returns to the orc warrior!
Unknown command.
The orc warrior throws a boomerang.
The boomerang hits you!
You die...

#.# .! ##.
# ##.# #...
#$.##.#
##...c...
#@)†.@...
#.[†.*....
#.[.)....)
#...g.....
..........
##.>.......
##.o......
.........


You could see Joseph, Grum, an orc warrior, a centaur and a friendly fulminant
prism.

Vanquished Creatures
  Pikel (D:7)
  Maggie (D:7)
  Grinder (D:5)
  Prince Ribbit (D:8)
  Sigmund (D:2)
  2 ice beasts
  2 orc warriors
  2 sky beasts
  A black bear (D:8)
  2 phantoms
  2 centaurs
  2 ogres
  4 wolves (D:8)
  4 lemures (D:7)
  7 bullfrogs
  6 killer bees
  2 electric eels (D:7)
  A howler monkey (D:5)
  A bullfrog zombie (D:8)
  A centaur zombie (D:4)
  4 orc priests
  2 jellies (D:2)
  10 orc wizards
  Crazy Yiuf (D:2)
  A hound (D:6)
  Terence (D:3)
  Jessica (D:2)
  Natasha (thrice) (D:4)
  5 worker ants
  A howler monkey zombie (D:5)
  Robin (D:2)
  7 adders
  A shadow imp (D:5)
  2 white imps
  2 ufetubi (D:7)
  An adder zombie (D:5)
  9 oozes
  2 worms (D:2)
  2 dart slugs (D:2)
  7 leopard geckos
  26 orcs
  A ball python (D:3)
  6 giant cockroaches
  15 goblins
  8 hobgoblins
  6 jackals
  15 kobolds
  5 quokkas
  A ball python skeleton (D:4)
  5 bats
  4 frilled lizards
  A jackal skeleton (D:7)
  A quokka skeleton (D:6)
  A quokka zombie (D:5)
  5 rats
207 creatures vanquished.

Vanquished Creatures (others)
  26 fulminant prisms
  10 fungi (D:2)
  3 plants (D:7)
  6 toadstools (D:2)
45 creatures vanquished.

Grand Total: 252 creatures vanquished

Notes
Turn   | Place    | Note
-------+----------+-------------------------------------------
     0 | D:1      | KamiKatze the Deep Elf Conjurer began the quest for the
                  | Orb.
     0 | D:1      | Reached XP level 1. HP: 10/10 MP: 6/6
   356 | D:1      | Reached XP level 2. HP: 14/15 MP: 4/8
   747 | D:1      | Learned a level 2 spell: Searing Ray
   837 | D:2      | Noticed Sigmund
   968 | D:2      | Reached XP level 3. HP: 19/19 MP: 7/10
  1134 | D:2      | Killed Sigmund
  1135 | D:2      | Reached skill level 5 in Spellcasting
  1135 | D:2      | Reached XP level 4. HP: 24/24 MP: 2/13
  1135 | D:2      | Reached XP level 5. HP: 28/28 MP: 2/14
  1237 | D:2      | Learned a level 4 spell: Fulminant Prism
  1242 | D:2      | Learned a level 4 spell: Iskenderun's Mystic Blast
  1295 | D:2      | Noticed Robin
  1536 | D:2      | Killed Robin
  1915 | D:2      | Found a runed translucent door.
  1916 | D:2      | Noticed Crazy Yiuf
  1923 | D:2      | Killed Crazy Yiuf
  1924 | D:2      | Reached XP level 6. HP: 26/32 MP: 10/16
  1991 | D:2      | Noticed Jessica
  1992 | D:2      | Killed Jessica
  1993 | D:2      | Reached skill level 6 in Spellcasting
  1993 | D:2      | Reached skill level 1 in Hexes
  2185 | D:2      | Reached skill level 1 in Translocations
  2407 | D:3      | Lost strength.
  2633 | D:3      | Noticed Terence
  2653 | D:3      | Killed Terence
  2885 | D:3      | Found a shimmering altar of Xom.
  3519 | D:4      | Reached XP level 7. HP: 36/36 MP: 13/19
  3622 | D:4      | Found a stormy altar of Qazlal.
  3626 | D:4      | Found a blossoming altar of Fedhas.
  3630 | D:4      | Found a staircase to the Ecumenical Temple.
  3647 | Temple   | Entered the Ecumenical Temple
  3713 | Temple   | Became a worshipper of Vehumet
  3781 | D:4      | Noticed Natasha
  3789 | D:4      | Killed Natasha
  3795 | D:4      | Noticed Natasha
  3800 | D:4      | Killed Natasha
  3801 | D:4      | Reached skill level 7 in Spellcasting
  3981 | D:4      | Noticed Natasha
  3985 | D:4      | Killed Natasha
  4028 | D:5      | Entered Level 5 of the Dungeon
  4164 | D:5      | Noticed Grinder
  4173 | D:5      | Paralysed by Grinder for 3 turns
  4178 | D:5      | Killed Grinder
  4427 | D:5      | Reached XP level 8. HP: 41/41 MP: 15/21
  4628 | D:5      | Found a glowing golden altar of the Shining One.
  4652 | D:5      | Reached * piety under Vehumet
  4652 | D:5      | Offered knowledge of Sandblast by Vehumet.
  5019 | D:5      | Reached skill level 8 in Spellcasting
  5302 | D:6      | Reached skill level 5 in Hexes
  5674 | D:6      | Offered knowledge of Foxfire by Vehumet.
  6017 | D:6      | Reached XP level 9. HP: 39/45 MP: 19/23
  6132 | D:7      | Reached skill level 5 in Stealth
  6184 | D:7      | Reached ** piety under Vehumet
  6224 | D:7      | Reached skill level 9 in Spellcasting
  6449 | D:7      | Noticed Pikel
  7040 | D:7      | Killed Pikel
  7041 | D:7      | Reached skill level 1 in Fighting
  7041 | D:7      | Reached skill level 5 in Dodging
  7096 | D:7      | Reached skill level 5 in Translocations
  7147 | D:7      | Learned a level 2 spell: Blink
  7240 | D:7      | Noticed Maggie
  7250 | D:7      | Killed Maggie
  7985 | D:8      | Noticed Maurice
  8048 | D:8      | Noticed Prince Ribbit
  8144 | D:8      | Killed Prince Ribbit
  8183 | D:8      | Reached XP level 10. HP: 46/52 MP: 13/25
  8330 | D:8      | Noticed Grum
  8333 | D:8      | Offered knowledge of Frozen Ramparts by Vehumet.
  8411 | D:7      | Reached *** piety under Vehumet
  8412 | D:7      | Reached skill level 10 in Spellcasting
  8513 | D:8      | Noticed Joseph
  8519 | D:8      | Hit by a boomerang thrown by an orc warrior

Illustrated notes

Levels and vault maps discovered:
D:1:      tarquinn_simple_flora_water_e, layout_basic
D:2:      cheibrodos_fertilizer, layout_rooms, uniq_jessica, uniq_sigmund,
          uniq_robin, uniq_crazy_yiuf_cottage
D:3:      layout_basic, xom_butterflies, minmay_quantized, uniq_terence
D:4:      layout_rooms, grunt_temple_overflow_forces_of_nature,
          minmay_temple_entry_offerings, serial_glass, glass_columns_a,
          glass_columns_c, uniq_natasha
D:5:      layout_loops_corners, nicolae_tso_carved_into_rock, uniq_grinder
D:6:      layout_basic
D:7:      minmay_recursive_quarters, layout_basic, serial_bayou_pond_b,
          kennysheep_another_room, grunt_ogre_cave, uniq_pikel, uniq_maggie
D:8:      minmay_the_grid_triangle_9x9_recursive_2
          [minmay_the_grid_triangle_9x9_prize_schism,
          minmay_the_grid_triangle_9x9_corrupted_corridor,
          minmay_the_grid_triangle_9x9_from_above,
          minmay_the_grid_triangle_9x9_zippers_vertical], layout_rooms,
          uniq_maurice, uniq_prince_ribbit1, uniq_grum, uniq_joseph
Temple:   nicolae_temple_x_marks_the_god

Skill      XL: |  1  2  3  4  5  6  7  8  9 10 |
---------------+-------------------------------+-----
Dodging        | 3 4 5 |  5.6
Stealth        | 3 4 5 6 |  6.0
Spellcasting   | 5 6 7 8 9 10 | 10.0
Conjurations   | 6 7 8 9 |  9.1
Hexes          | 2 4 5 6 |  6.4
Translocations | 1 3 4 5 |  5.3
Fighting       | 1 |  1.9
Shields        | 4 |  4.0

Action                   |  1- 3 |  4- 6 |  7- 9 | 10-12 || total
-------------------------+-------+-------+-------+-------++-------
Melee: Whip              |     2 |     3 |       |       ||     5
       Dagger            |       |    10 |    17 |       ||    27
Throw: Dart              |       |       |     2 |       ||     2
 Cast: Magic Dart        |    39 |    44 |    28 |       ||   111
       Searing Ray       |     3 |    31 |    52 |     1 ||    87
       Fulminant Prism   |       |       |    25 |     2 ||    27
       Iskenderun's Myst |       |       |    10 |    14 ||    24
  Use: Scroll            |       |     5 |     3 |       ||     8
 Stab: Sleeping          |       |     1 |       |       ||     1
Armor: Robe              |     3 |     8 |       |       ||    11
       Animal skin       |       |     8 |     4 |       ||    12
       Steam dragon scal |       |       |     5 |     4 ||     9
Dodge: Dodged            |     8 |    25 |    29 |    15 ||    77
